Map: Simulacrum LE

Players

llllllllllll (Trap) - Winner!

  • Race: Protoss Protoss
  • League: Master
  • Spawn Location: 11:00

DRG

  • Race: Zerg Zerg
  • League: Master
  • Spawn Location: 5:00

VOD

Have the link to the VOD?

Description

Time

  • Played on: Jan. 16, 2020, 4:29 a.m.
  • Length: 17:00
Show
View Real Time Build Order
Export as new Build Order

llllllllllll Protoss - Winner!

Build Orders: 1 Gate Expand, Oracle Opening, Archon Immortal, Mass Phoenix 

Get SALT Encoding   

  12  0:00  Probe  
  13  0:12  Probe  
  14  0:19  Pylon  
  14  0:24  Probe  
  15  0:37  Probe (Chrono Boost)  
  16  0:44  Gateway  
  16  0:47  Probe (Chrono Boost), Assimilator  
  17  0:52  Probe (Chrono Boost)  
  18  1:04  Probe  
  19  1:16  Probe  
  20  1:24  Nexus  
  20  1:34  Cybernetics Core  
  20  1:37  Probe  
  21  1:43  Assimilator  
  21  1:49  Probe  
  21  1:53  Pylon  
  22  2:01  Probe  
  23  2:09  Adept (Chrono Boost)  
  23  2:13  Probe  
  26  2:17  Stargate  
  26  2:25  Warp Gate, Probe (Chrono Boost)  
  27  2:31  Adept  
  29  2:37  Probe (Chrono Boost)  
  29  2:38  Probe (Chrono Boost)  
  31  2:46  Probe x2 (Chrono Boost)  
  33  2:51  Probe (Chrono Boost)  
  33  2:52  Probe  
  35  3:00  Oracle (Chrono Boost)  
  35  3:03  Probe  
  35  3:04  Probe  
  40  3:10  Stalker  
  42  3:15  Probe  
  42  3:16  Probe  
  44  3:21  Pylon  
  44  3:27  Probe  
  44  3:28  Assimilator  
  44  3:29  Probe, Assimilator  
  46  3:36  Oracle (Chrono Boost)  
  49  3:44  Probe x2, Gateway  
  51  3:56  Probe  
  51  3:57  Probe  
  53  4:05  Pylon, Stargate  
  53  4:11  Pylon  
  53  4:15  Probe, Pylon  
  54  4:23  Probe  
  55  4:25  Adept  
  55  4:26  Phoenix (Chrono Boost)  
  55  4:27  Pylon  
  59  4:31  Probe  
  59  4:35  Probe  
  61  4:40  Adept  
  61  4:42  Phoenix (Chrono Boost)  
  67  4:56  Phoenix (Chrono Boost), Nexus  
  67  4:58  Pylon  
  67  5:02  Phoenix (Chrono Boost)  
  70  5:14  Probe x2, Phoenix  
  70  5:15  Pylon  
  73  5:23  Phoenix  
  73  5:25  Sentry  
  73  5:26  Zealot  
  79  5:30  Shield Battery  
  79  5:36  Robotics Facility  
  79  5:39  Phoenix  
  79  5:40  Probe x2  
  83  5:48  Forge, Twilight Council  
  83  5:51  Zealot  
  83  5:55  Probe x2  
  87  5:59  Phoenix  
  89  6:07  Probe x2  
  91  6:15  Zealot x2  
  91  6:16  Charge  
  95  6:23  Protoss Ground Weapons Level 1 (Chrono Boost)  
  96  6:26  Gateway x2, Observer (Chrono Boost)  
  96  6:31  Probe (Chrono Boost)  
  99  6:33  Probe x2 (Chrono Boost)  
  99  6:34  Pylon  
  99  6:43  Probe (Chrono Boost)  
  99  6:44  Immortal (Chrono Boost)  
  99  6:45  Probe (Chrono Boost)  
  99  6:46  Probe (Chrono Boost)  
  106  6:50  Assimilator  
  106  6:54  Probe x2  
  106  6:56  Probe  
  106  6:57  Assimilator  
  106  6:58  Templar Archives  
  107  7:05  Pylon  
  107  7:07  Gateway  
  107  7:08  Gateway  
  107  7:10  Gateway  
  107  7:14  Sentry  
  107  7:15  Immortal (Chrono Boost)  
  111  7:25  Photon Cannon  
  111  7:29  Photon Cannon x2  
  111  7:31  Probe x3  
  114  7:43  Gateway  
  114  7:45  Gateway  
  114  7:46  Pylon  
  114  7:47  Warp Prism (Chrono Boost)  
  116  7:53  High Templar x4  
  124  8:02  Archon  
  124  8:03  Archon, Zealot x2  
  124  8:04  Zealot  
  128  8:06  Pylon  
  128  8:08  Pylon  
  128  8:10  Pylon  
  128  8:15  Observer (Chrono Boost), Psionic Storm  
  128  8:17  Pylon  
  128  8:18  Pylon  
  129  8:33  Stalker x4  
  137  8:38  Zealot x4  
  137  8:40  Protoss Ground Weapons Level 2  
  141  8:51  Immortal (Chrono Boost)  
  145  9:00  Blink  
  145  9:05  Photon Cannon  
  145  9:06  Photon Cannon  
  145  9:12  High Templar x2  
  145  9:14  Pylon  
  145  9:15  High Templar  
  151  9:23  Immortal (Chrono Boost)  
  155  9:35  Zealot x4  
  163  9:44  High Templar x2  
  163  9:45  Nexus  
  165  9:46  Pylon  
  155  9:58  Warp Prism (Chrono Boost)  
  157  10:05  Photon Cannon  
  157  10:12  Photon Cannon  
  157  10:13  Photon Cannon  
  157  10:14  Photon Cannon  
  157  10:15  High Templar x4  
  157  10:16  Photon Cannon  
  157  10:18  Photon Cannon  
  165  10:24  Warp Prism (Chrono Boost)  
  165  10:26  Archon x2  
  167  10:48  Archon x2  
  155  10:50  Immortal (Chrono Boost)  
  135  11:09  High Templar x4  
  135  11:10  Zealot x5  
  151  11:18  Assimilator x2  
  151  11:22  Pylon  
  151  11:23  Probe x2  
  151  11:24  Probe x2  
  155  11:25  Immortal (Chrono Boost)  
  159  11:33  Pylon, Shield Battery  
  159  11:39  Shield Battery  
  159  11:49  Archon x2  
  139  11:55  Zealot x9  
  133  12:03  Immortal (Chrono Boost)  
  126  12:18  Fleet Beacon  
  124  12:22  High Templar  
  124  12:23  High Templar x3  
  124  12:24  Pylon  
  124  12:26  Photon Cannon  
  132  12:31  Photon Cannon  
  132  12:32  High Templar x2, Photon Cannon  
  132  12:35  Protoss Ground Weapons Level 3 (Chrono Boost)  
  132  12:36  Probe x3  
  132  12:37  Probe  
  140  12:47  Observer (Chrono Boost)  
  140  12:48  Probe  
  142  12:56  Zealot x4  
  150  12:58  High Templar  
  150  12:59  High Templar  
  154  13:11  Mothership (Chrono Boost)  
  136  13:12  Immortal (Chrono Boost)  
  142  13:25  Archon  
  142  13:27  Zealot x3  
  142  13:33  High Templar x2  
  152  13:39  Archon  
  152  13:42  Zealot x2  
  152  13:44  Zealot x2  
  152  13:47  Zealot  
  152  13:48  Zealot x2  
  146  14:03  Zealot  
  146  14:04  Zealot x3  
  146  14:06  Zealot x3  
  148  14:21  Observer  
  148  14:22  High Templar x2  
  148  14:23  High Templar x2  
  157  14:24  High Templar x2  
  157  14:26  High Templar  
  157  14:27  High Templar, Zealot  
  167  14:31  Archon x2  
  167  14:32  Archon x2  
  165  14:54  Observer  
  165  14:55  High Templar x3  
  165  14:56  High Templar, Zealot x3  
  179  15:00  Archon  
  179  15:01  Archon  
  179  15:02  Stalker x2  
  175  15:19  Photon Cannon  
  175  15:21  Void Ray x2 (Chrono Boost)  
  175  15:28  Nexus  
  181  15:30  Photon Cannon  
  181  15:31  Pylon  
  180  15:40  Unknown  
  180  15:50  Zealot x4  
  180  15:51  Zealot x2  
  192  15:57  Void Ray x2 (Chrono Boost)  
  174  16:25  High Templar x4, Zealot  
  178  16:26  Zealot x4  
  178  16:28  Photon Cannon  
  178  16:29  Photon Cannon  
  178  16:30  Archon  
  178  16:31  Archon  
  178  16:32  Photon Cannon x2  
Show
View Real Time Build Order
Export as new Build Order

DRG Zerg 

Build Orders: Hatch First 

Get SALT Encoding   

  12  0:00  Drone  
  13  0:12  Overlord  
  13  0:17  Drone  
  14  0:30  Drone x2  
  16  0:49  Hatchery  
  15  0:51  Drone  
  15  0:55  Drone  
  17  0:58  Drone  
  18  1:08  Extractor  
  17  1:13  Spawning Pool  
  17  1:16  Drone  
  17  1:19  Drone  
  18  1:28  Drone  
  19  1:38  Drone  
  20  1:49  Hatchery  
  19  1:55  Drone  
  19  2:00  Drone  
  22  2:01  Drone  
  22  2:06  Queen  
  24  2:12  Drone  
  25  2:16  Overlord  
  25  2:24  Queen  
  25  2:27  Drone  
  28  2:31  Metabolic Boost  
  28  2:35  Zergling x2  
  29  2:37  Zergling x2  
  29  2:39  Drone  
  29  2:43  Drone  
  29  2:44  Drone  
  33  2:50  Queen  
  35  2:54  Drone  
  35  2:57  Overlord  
  36  3:04  Queen  
  38  3:06  Drone  
  38  3:08  Drone  
  38  3:10  Drone  
  41  3:14  Spore Crawler  
  41  3:17  Drone x2  
  41  3:19  Drone  
  42  3:23  Drone  
  42  3:26  Zergling x4  
  45  3:32  Drone x2  
  47  3:34  Drone x2  
  47  3:36  Spore Crawler  
  47  3:39  Drone x2  
  50  3:43  Overlord  
  50  3:50  Overlord  
  50  3:51  Spore Crawler  
  50  3:53  Spore Crawler x2  
  46  3:57  Drone  
  46  3:58  Drone  
  46  3:59  Overlord  
  50  4:03  Drone x3  
  50  4:04  Drone  
  50  4:06  Drone  
  56  4:10  Drone x2  
  56  4:15  Drone x3  
  56  4:16  Drone  
  56  4:17  Drone  
  62  4:21  Drone  
  62  4:22  Spore Crawler  
  62  4:23  Zergling x4  
  64  4:28  Roach Warren  
  63  4:32  Drone x2  
  63  4:34  Drone  
  63  4:37  Overlord  
  65  4:38  Lair  
  65  4:41  Extractor, Overlord  
  65  4:43  Extractor  
  63  4:46  Overlord  
  63  4:48  Zergling x2  
  63  4:49  Zergling x4  
  66  4:55  Queen  
  66  4:56  Overlord  
  66  4:57  Zergling x2  
  66  4:59  Zergling x4  
  71  5:06  Drone x4  
  71  5:08  Drone x2  
  71  5:09  Drone  
  72  5:14  Drone x2  
  72  5:15  Drone  
  72  5:19  Drone  
  72  5:20  Drone x2  
  78  5:21  Drone  
  78  5:23  Drone  
  78  5:25  Drone x2  
  80  5:28  Drone  
  80  5:29  Drone  
  80  5:32  Extractor  
  80  5:33  Extractor  
  80  5:34  Drone x2  
  80  5:35  Extractor  
  81  5:38  Drone x4  
  81  5:40  Glial Reconstitution  
  85  5:42  Overlord  
  85  5:45  Roach  
  87  5:50  Queen  
  87  5:56  Roach x4  
  97  5:58  Spore Crawler  
  97  6:00  Spore Crawler  
  97  6:03  Drone x2  
  97  6:08  Drone x2  
  97  6:10  Spire  
  95  6:11  Overlord  
  95  6:12  Drone  
  95  6:17  Drone  
  95  6:18  Drone x2  
  95  6:19  Overlord  
  95  6:21  Overlord x2  
  95  6:25  Overlord  
  94  6:31  Drone x2  
  96  6:35  Drone x2, Evolution Chamber  
  96  6:37  Overlord  
  96  6:39  Drone x4  
  99  6:42  Drone x3  
  96  6:58  Overlord  
  96  7:10  Hatchery  
  89  7:23  Corruptor x4  
  89  7:24  Corruptor  
  89  7:27  Drone  
  89  7:28  Baneling Nest  
  98  7:30  Zerg Melee Weapons Level 1  
  98  7:31  Roach  
  98  7:32  Roach x7  
  98  7:33  Baneling Nest  
  98  7:35  Roach  
  98  7:36  Roach  
  117  7:38  Ravager x2  
  117  7:39  Roach x2  
  117  7:43  Roach  
  117  7:44  Roach  
  126  7:50  Zergling x4  
  128  7:55  Roach x3  
  134  8:06  Pneumatized Carapace  
  134  8:07  Infestation Pit  
  134  8:09  Overlord  
  134  8:10  Overlord  
  133  8:13  Centrifical Hooks  
  133  8:17  Drone x7  
  140  8:24  Roach x6  
  152  8:27  Overlord  
  152  8:30  Ravager x3  
  152  8:31  Roach x2  
  156  8:34  Roach  
  156  8:39  Drone x4  
  162  8:43  Zergling x8  
  166  8:53  Drone  
  166  8:54  Drone x4  
  169  8:59  Hive  
  169  9:01  Queen  
  169  9:02  Spore Crawler, Drone x4  
  174  9:03  Zergling x2  
  174  9:04  Overlord x2  
  174  9:07  Overlord  
  174  9:09  Overlord  
  175  9:18  Overlord x3  
  175  9:24  Zergling x18  
  183  9:30  Zergling x6  
  180  9:35  Zergling x8  
  183  9:40  Zerg Melee Weapons Level 2  
  183  9:44  Zergling x12  
  186  9:46  Ravager  
  186  9:52  Zergling x10  
  189  9:57  Baneling x13  
  189  10:01  Hatchery  
  188  10:08  Evolution Chamber  
  188  10:11  Zergling x2  
  188  10:12  Zergling x10  
  188  10:14  Adrenal Glands  
  193  10:15  Greater Spire  
  193  10:16  Drone  
  193  10:18  Evolution Chamber  
  193  10:25  Zergling x14  
  199  10:34  Overlord  
  199  10:47  Zergling x2  
  199  10:48  Zergling x30  
  193  10:54  Zergling x2  
  193  10:55  Zergling x6  
  185  10:58  Roach x2  
  188  11:08  Zergling x12  
  192  11:17  Overseer  
  192  11:20  Baneling x28  
  192  11:21  Baneling x21  
  192  11:22  Zergling x16, Baneling x3  
  200  11:25  Zerg Missile Weapons Level 1  
  195  11:49  Zergling x32  
  163  12:03  Zergling x26  
  140  12:11  Roach x6  
  140  12:12  Baneling x6  
  140  12:13  Baneling x8  
  140  12:15  Roach x3  
  148  12:21  Roach x4  
  151  12:27  Roach x3  
  151  12:28  Roach  
  158  12:31  Drone x3  
  158  12:32  Ravager  
  158  12:34  Drone x2  
  164  12:38  Extractor  
  164  12:44  Ravager x4  
  164  12:45  Ravager  
  164  12:49  Ravager x3  
  171  12:55  Zergling x10  
  176  13:01  Zergling x18  
  182  13:09  Drone x2  
  182  13:10  Drone x2  
  181  13:14  Extractor  
  181  13:16  Extractor  
  181  13:17  Overlord  
  179  13:24  Baneling  
  179  13:25  Baneling x4  
  179  13:31  Overlord  
  179  13:32  Overlord, Zerg Flyer Weapons Level 1  
  165  13:48  Drone x8  
  165  13:50  Corruptor x4  
  165  13:51  Corruptor x3  
  174  14:07  Hatchery  
  166  14:18  Zergling x12  
  172  14:30  Zergling x16  
  180  14:36  Zergling x10  
  171  14:51  Zergling x20  
  180  14:58  Baneling x6  
  180  14:59  Baneling x29  
  176  15:00  Baneling  
  176  15:03  Zergling x4  
  171  15:09  Zergling x8  
  172  15:18  Overseer  
  170  15:35  Hatchery  
  167  15:43  Zergling x28  
  181  15:52  Baneling x18  
  179  16:04  Zergling x18  
  173  16:20  Zergling x22, Overseer  
  173  16:21  Overseer  
  184  16:38  Zergling x14  
Tags
 
Add a new tag
Caveats
  • Supply blocks, unpowered buildings, or Contaminate may cause inaccurate times.
  • Supply counts are checked every 10 seconds.